 Dungeon Crawl Stone Soup version 0.27-a0-385-g3208abaabc (webtiles) character file.

Game seed: 271921245561568373

193 dickylongcocking the Covert (level 5, 0/37 HPs)
             Began as an Octopode Delver on Feb 20, 2021.
             Slain by a phantom (6 damage)
             ... on level 3 of the Dungeon.
             The game lasted 00:03:30 (3413 turns).

dickylongcocking the Covert (Octopode Delver)       Turns: 3413, Time: 00:03:30

Health: 0/37       AC:  1    Str: 12    XL:     5   Next: 72%
Magic:  14/14      EV: 14    Int: 13    God:
Gold:   210        SH:  0    Dex: 13    Spells: 4/4 levels left

rFire    . . .     SeeInvis .     - Unarmed
rCold    . . .     Faith    .   (no shield)
rNeg     . . .     Spirit   .   (helmet restricted)
rPois    .         Reflect  .   (no amulet)
rElec    .         Harm     .   i - ring of magical power
rCorr    .         Rampage  .   (no ring)
Will     .....                  (no ring)
Stlth    +++++.....             (no ring)
HPRegen  0.12/turn              (no ring)
MPRegen  0.14/turn              (no ring)
                                (no ring)
                                (no ring)

@: attractive
A: almost no armour, stealthy swim, amphibious, 8 rings, constrict 8, camouflage
1, gelatinous body 1
a: no special abilities


You were on level 3 of the Dungeon.
You visited 1 branch of the dungeon, and saw 5 of its levels.

You collected 210 gold pieces.

Inventory:

Missiles
 p - 2 atropa-tipped darts (quivered)
 q - 7 poisoned darts
Jewellery
 f - a ring of ice
 i - a ring of magical power (left tentacle)
Wands
 e - a wand of digging (1)
 g - a wand of flame (19)
 h - a wand of iceblast (3)
Scrolls
 a - a scroll of fog
 b - 8 scrolls of identify {unknown}
 c - 2 scrolls of immolation {unknown}
 d - 3 scrolls of enchant armour {unknown}
 k - a scroll of fear
 o - 2 scrolls of teleportation {unknown}
Potions
 j - a potion of mutation {unknown}
 l - a potion of attraction
 n - a potion of ambrosia {unknown}
 r - a potion of degeneration {unknown}


   Skills:
 + Level 3.9 Fighting
 + Level 2.9 Dodging
 + Level 8.4 Stealth
 + Level 3.0 Unarmed Combat


You had 4 spell levels left.
You didn't know any spells.
Your spell library was empty.

Dungeon Overview and Level Annotations

Branches:
Dungeon (5/15)
 Temple: D:4-7

Altars:
Dithmenos
Okawaru
Qazlal
Trog
Uskayaw

Annotations:
D:3 1 runed translucent door, Snicker's ghost, weakling DsDe


Innate Abilities, Weirdness & Mutations

You cannot wear most types of armour.
You are very stealthy in the water. (Stealth+)
You are amphibious.
You can wear up to eight rings at the same time.
You can use your tentacles to constrict eight enemies at once.
Your skin changes colour to match your surroundings (Stealth+).
Your rubbery body absorbs attacks. (AC +1, EV +1)


Message History

The phantom is moderately damaged.
The phantom misses you.
You closely miss the phantom. You squeeze the phantom.
The phantom is heavily damaged.
The phantom hits you!
You closely miss the phantom.
The phantom is heavily damaged.
The phantom closely misses you.
You tentacle-slap the phantom but do no damage.
The phantom is heavily damaged.
The phantom hits you.
The phantom blinks!
You blink.
You barely miss the phantom. Your squeeze misses the phantom.
The phantom is heavily damaged.
You closely miss the phantom.
The phantom is heavily damaged.
The phantom barely misses you.
You tentacle-slap the phantom. Your squeeze misses the phantom.
The phantom is heavily damaged.
The phantom hits you.
You tentacle-slap the phantom but do no damage.
The phantom is heavily damaged.
The phantom misses you.
You tentacle-slap the phantom. You squeeze the phantom!
The phantom is almost destroyed.
The phantom completely misses you.
You tentacle-slap the phantom but do no damage.
Your squeeze misses the phantom.
The phantom is almost destroyed.
The phantom closely misses you.
You miss the phantom.
Your tentacle-slap misses the phantom.
The phantom is almost destroyed.
The phantom hits you!
* * * LOW HITPOINT WARNING * * *
You tentacle-slap the phantom but do no damage.
The phantom is almost destroyed.
The phantom barely misses you.
You tentacle-slap the phantom but do no damage.
The phantom is almost destroyed.
The phantom hits you.
You die...

#.[).......
#. ##.####
#.#.#######
# #g #.#.#
#. #.#.####
#. #......#
###.##.#
###.##.#
#...##.####
#.......@.#
#
#.####.##W#
###### #.
#.# .#
.....# #.
#.# .#
####.## #.#
.. ......#
#.# ..
####..# ...
... ... ...
#.#


You could see a phantom.

Vanquished Creatures
  An orc priest (D:3)
  Ijyb (D:5)
  4 gnolls
  2 adders
  A worm (D:3)
  2 dart slugs
  4 leopard geckos
  2 orcs (D:3)
  A ball python (D:3)
  7 bats
  3 giant cockroaches
  11 goblins
  10 hobgoblins
  2 jackals (D:3)
  2 quokkas
  4 frilled lizards
  5 kobolds
  13 rats
75 creatures vanquished.

Notes
Turn   | Place    | Note
-------+----------+-------------------------------------------
     0 | D:5      | dickylongcocking the Octopode Delver began the quest for
                  | the Orb.
     0 | D:5      | Reached XP level 1. HP: 16/16 MP: 1/1
    14 | D:5      | Found a hide-covered altar of Uskayaw.
    81 | D:5      | Noticed Ijyb
   110 | D:5      | Killed Ijyb
   111 | D:5      | Reached skill level 7 in Stealth
   111 | D:5      | Reached XP level 2. HP: 8/21 MP: 2/2
   111 | D:5      | Reached XP level 3. HP: 9/26 MP: 3/3
   364 | D:5      | Noticed a water moccasin
   368 | D:5      | Found a shadowy altar of Dithmenos.
   414 | D:4      | Noticed a phantom
   432 | D:3      | Found a stormy altar of Qazlal.
  1409 | D:1      | Reached XP level 4. HP: 31/31 MP: 4/4
  1808 | D:2      | Found a bloodstained altar of Trog.
  1934 | D:2      | Found an iron altar of Okawaru.
  2215 | D:2      | Reached skill level 8 in Stealth
  2409 | D:3      | Found a runed translucent door.
  2409 | D:3      | Noticed Snicker's ghost (weakling DsDe)
  2715 | D:3      | Reached XP level 5. HP: 32/36 MP: 5/5
  3413 | D:3      | Slain by a phantom

Illustrated notes

Levels and vault maps discovered:
D:1:      dpeg_arrival_ratfight, layout_rooms, minmay_misc_feat_x,
          chequers_serial_rivers_small_a, minmay_misc_feat_room
D:2:      layout_loops_ring, overflow_temple_1_default, general_overflow_altar,
          corexii_shack, minmay_misc_feat_iff
D:3:      layout_loops_ring, gammafunk_ghost_grave, grunt_qazlal_clouds
D:4:      layout_loops_cross, uniq_menkaure, uniq_grinder, uniq_duvessa
D:5:      layout_loops_ring, nicolae_overflow_hidden_temple, basic_altar,
          uniq_ijyb

Skill      XL: |  1  2  3  4  5 |
---------------+----------------+-----
Stealth        | 7 8 |  8.4
Unarmed Combat | 3 |  3.0
Fighting       | |  3.9
Dodging        | |  2.9

Action                   |  1- 3 |  4- 6 || total
-------------------------+-------+-------++-------
Melee: Unarmed           |    72 |   131 ||   203
       Tentacles         |    18 |    22 ||    40
       Constrict         |    16 |    24 ||    40
       Punch             |       |     5 ||     5
Evoke: Wand              |     2 |       ||     2
  Use: Potion            |     2 |     2 ||     4
       Scroll            |     2 |       ||     2
 Stab: Sleeping          |     8 |     7 ||    15
       Distracted        |     2 |       ||     2
Armor: Skin              |     4 |     9 ||    13
Dodge: Dodged            |    41 |    81 ||   122

Table legend: (Time is in decaauts)
 A = Elapsed time spent in this place.
 B = Non-inter-level travel time spent in this place.
 C = Inter-level travel time spent in this place.
 D = Time resting spent in this place.
 E = Time spent auto-exploring this place.
 F = Levels seen in this place.
 G = Mean time per level.
                   A        B        C        D        E       F      G
               +--------+--------+--------+--------+--------+-----+--------+
         Total |   3369 |   3202 |    167 |    717 |   1827 |   5 |  673.8 |
       Dungeon |   3369 |   3202 |    167 |    717 |   1827 |   5 |  673.8 |
               +--------+--------+--------+--------+--------+-----+--------+

Top non-repeatable levels by time:
     D:2: 1272 daAuts
     D:3: 962 daAuts
     D:1: 725 daAuts
     D:5: 394 daAuts
     D:4: 13 daAuts
